 Dungeon Crawl Stone Soup version 0.22-a0-247-gbddf880 (webtiles) character file.

617 MatthieuS the Shooter (level 7, -9/57 HPs)
             Began as a Centaur Arcane Marksman on Feb 27, 2018.
             Was a Follower of Okawaru.
             Killed by divine providence
             ... invoked by an orc priest
              (11 damage)
             ... on level 5 of the Dungeon.
             The game lasted 00:11:07 (4405 turns).

MatthieuS the Shooter (Centaur Arcane Marksman)     Turns: 4405, Time: 00:11:07

Health: -9/57      AC:  6    Str: 13    XL:     7   Next: 21%
Magic:  10/10      EV: 10    Int: 12    God:    Okawaru [*.....]
Gold:   245        SH:  0    Dex: 11    Spells: 2/11 levels left

rFire    . . .     SeeInvis .   w - +0 shortbow
rCold    . . .     Gourm    .   (shield currently unavailable)
rNeg     . . .     Faith    .   f - +0 leather armour
rPois    .         Spirit   .   s - +0 helmet
rElec    .         Reflect  .   m - +0 cloak
rCorr    .         Harm     .   (no gloves)
MR       .....                  (no barding)
Stlth    ++........             (no amulet)
HPRegen  0.19/turn              v - ring of stealth
MPRegen  0.12/turn              (no ring)

@: very quick
A: large, hooves 3, deformed body, speed 2, tough skin 3
a: Heroism, Renounce Religion


You were on level 5 of the Dungeon.
You worshipped Okawaru.
Okawaru was aware of your devotion.
You were not hungry.

You visited 1 branch of the dungeon, and saw 5 of its levels.

You collected 245 gold pieces.

Inventory:

Hand Weapons
 a - a +0 dagger
 w - a +0 shortbow (weapon)
Missiles
 d - 60 arrows (quivered)
 k - 3 javelins
Armour
 f - a +0 leather armour (worn)
 m - a +0 cloak (worn)
 s - a +0 helmet (worn)
 t - a +2 scale mail of magic resistance
Jewellery
 v - a ring of stealth (left hand)
Wands
 p - a wand of paralysis (20)
Scrolls
 b - 9 scrolls of identify {unknown}
 e - a scroll of fear {unknown}
 g - 4 scrolls of amnesia {unknown}
 h - 4 scrolls of teleportation {unknown}
 i - a scroll of enchant armour {unknown}
 j - 2 scrolls of immolation {unknown}
 n - a scroll of enchant weapon {unknown}
 q - a scroll of fog {unknown}
 r - 2 scrolls of blinking {unknown}
Potions
 o - a potion of agility
Comestibles
 c - 5 rations


   Skills:
 + Level 3.3 Fighting
 + Level 4.9 Bows
 + Level 2.8 Dodging
 + Level 2.6 Spellcasting
 + Level 4.0 Hexes
 + Level 2.3 Invocations


You had 2 spell levels left.
You knew the following spells:

 Your Spells              Type           Power        Failure   Level  Hunger
a - Corona                Hex            ##.....      6%          1    #......
b - Slow                  Hex            ##......     10%         2    ###....
c - Inner Flame           Hex/Fire       #.......     38%         3    ###....
d - Portal Projectile     Hex/Tloc       #.....       38%         3    ###....


Dungeon Overview and Level Annotations

Branches:
Dungeon (5/15)
 Temple: D:4-7

Altars:
Ashenzari
Cheibriados
Dithmenos
Elyvilon
Makhleb
Nemelex Xobeh
Okawaru
Sif Muna
Uskayaw

Annotations:
D:3 Robby's ghost, amateur GrFi


Innate Abilities, Weirdness & Mutations

You have hooves in place of feet.
Armour fits poorly on your strangely shaped body.
You cover ground very quickly.
You have extremely tough skin. (AC +3)


Message History

You shoot an arrow. The arrow barely misses the orc priest.
Firing (i - inventory. (/) - cycle)
d - 62 arrows (quivered)
Press: ? - help, Shift-Dir - straight line, f/p - orc priest
Aim: an orc priest, wielding a flail and wearing a ring mail (lightly wounded)
You shoot an arrow. The arrow barely misses the orc priest.
The orc priest invokes the aid of Beogh against you.
Beogh smites you!
* * * LOW HITPOINT WARNING * * *
Firing (i - inventory. (/) - cycle)
d - 61 arrows (quivered)
Press: ? - help, Shift-Dir - straight line, f/p - orc priest
Aim: an orc priest, wielding a flail and wearing a ring mail (lightly wounded)
You shoot an arrow.
The arrow hits the orc priest but does no damage.
The orc priest is lightly wounded.
The orc priest mumbles some strange prayers to Beogh against you.
Pain shoots through your body!
* * * LOW HITPOINT WARNING * * *
The orc priest mumbles some strange prayers to Beogh against you.
Beogh smites you!
You die...

#.'.._..'.#
#.#.♣.♣.#.#
#.#.....#.# #######
#.###'###.# ##...##.
#.........# ##.......
#.[.......###........
#....................
####.########........
##@# ##...<... #..#
##...##. ###.##
####### #...# ##.##
#o# ## ## #(###
##8###8## #...#
##8...8...8 ###.#
#####.........


You could see an orc priest.

Vanquished Creatures
  The ghost of Oroborous the Grave Robber, an amateur DsNe of Okawaru (D:4)
  Edmund (D:4)
  A phantom (D:5)
  A centaur (D:5)
  A centaur skeleton (D:5)
  2 worker ants
  Robin (D:3)
  6 adders
  A shadow imp (D:4)
  2 oozes
  An adder zombie (D:5)
  A leopard gecko (D:3)
  3 orcs (D:5)
  A ball python (D:3)
  3 bats
  5 giant cockroaches
  8 goblins
  7 hobgoblins
  4 jackals (D:2)
  5 kobolds
  A quokka (D:4)
  3 frilled lizards
  6 rats
65 creatures vanquished.

Notes
Turn   | Place    | Note
-------+----------+-------------------------------------------
     0 | D:1      | MatthieuS the Centaur Arcane Marksman began the quest for the Orb.
     0 | D:1      | Reached XP level 1. HP: 16/16 MP: 2/2
   632 | D:1      | Reached XP level 2. HP: 21/23 MP: 3/3
  1067 | D:2      | Found a snail-covered altar of Cheibriados.
  1090 | D:2      | Found a hide-covered altar of Uskayaw.
  1186 | D:2      | Reached XP level 3. HP: 22/28 MP: 1/5
  1200 | D:2      | Found a shattered altar of Ashenzari.
  1899 | D:3      | Reached XP level 4. HP: 32/36 MP: 6/6
  1929 | D:3      | Found a sparkling altar of Nemelex Xobeh.
  1959 | D:3      | Noticed Robin
  1985 | D:3      | Killed Robin
  2211 | D:3      | Noticed Robby's ghost (amateur GrFi)
  2389 | D:3      | Found an iron altar of Okawaru.
  2389 | D:3      | Found a deep blue altar of Sif Muna.
  2396 | D:3      | Became a worshipper of Warmaster Okawaru
  2576 | D:4      | Noticed Oroborous's ghost (amateur DsNe)
  2606 | D:4      | Killed Oroborous's ghost
  2606 | D:4      | Reached skill level 1 in Invocations
  2606 | D:4      | Reached XP level 5. HP: 23/42 MP: 6/8
  3027 | D:4      | Noticed Edmund
  3102 | D:4      | Killed Edmund
  3102 | D:4      | Reached * piety under Okawaru
  3102 | D:4      | Reached XP level 6. HP: 17/50 MP: 9/9
  3577 | D:4      | Learned a level 2 spell: Slow
  3581 | D:4      | Learned a level 3 spell: Inner Flame
  3585 | D:4      | Learned a level 3 spell: Portal Projectile
  3638 | D:5      | Entered Level 5 of the Dungeon
  3638 | D:5      | Found a white marble altar of Elyvilon.
  3916 | D:5      | Found a burning altar of Makhleb.
  4012 | D:5      | Found a shadowy altar of Dithmenos.
  4091 | D:5      | Reached XP level 7. HP: 45/57 MP: 10/10
  4405 | D:5      | HP: 2/57 [orc priest/nerve-wracking pain (14)]
  4405 | D:5      | Killed from afar by an orc priest

Vault maps used:
D:1:      nzn_arrival_water_spiral, minmay_misc_feat_roman, bh_walls_and_bars
D:2:      lemuel_doored_altar, marbit_many_paths, nicolae_ashenzari_panopticon
D:3:      nemelex_altar_shiori, lemuel_crystal_altar,
          amethyst_overflow_temple_binary, uniq_robin, uniq_crazy_yiuf_cottage
D:4:      serial_bayou_lake_a, uniq_edmund
D:5:      minmay_diamond_boxcup, nicolae_overflow_hidden_temple,
          kennysheep_little_box, lemuel_crystal_altar, first_ration,
          uniq_prince_ribbit1

Skill      XL: |  1  2  3  4  5  6 |
---------------+-------------------+-----
Bows           | 3 4 |  4.9
Hexes          | 3 4 |  4.0
Dodging        | 2 |  2.8
Fighting       | 2 3 |  3.3
Spellcasting   | 2 |  2.6
Invocations    | 1 2 |  2.3

Action                   |  1- 3 |  4- 6 |  7- 9 || total
-------------------------+-------+-------+-------++-------
Melee: Short sword       |    31 |       |       ||    31
       Kick              |    20 |    24 |     5 ||    49
       Dagger            |    44 |    76 |    10 ||   130
 Fire: Shortbow          |    30 |   140 |    29 ||   199
 Cast: Corona            |     9 |    10 |     1 ||    20
Invok: Heroism           |       |     1 |       ||     1
Evoke: Wand              |       |     1 |       ||     1
  Use: Potion            |       |     1 |     2 ||     3
  Eat: Chunk             |     2 |     3 |     1 ||     6
       Ration            |       |     1 |       ||     1
Armor: Leather armour    |    44 |    34 |     7 ||    85
       Scale mail        |       |    24 |       ||    24
Dodge: Dodged            |    54 |    63 |    15 ||   132

Table legend:
 A = Spawn XP
 B = Non-spawn XP
 C = Spawn XP percentage of total XP
 D = Spawn monster count
 E = Non-spawn monster count
 F = Spawn count percentage of total count
 G = Total turns spent on level
                    A         B        C        D         E        F      G
               +---------+---------+-------+---------+---------+-------+---------
         Total |       0 |     882 |   0.0 |       0 |      65 |   0.0 |  4405
               +---------+---------+-------+---------+---------+-------+---------
           D:1 |       0 |      20 |   0.0 |       0 |      13 |   0.0 |   973
           D:2 |       0 |      66 |   0.0 |       0 |      15 |   0.0 |   911
           D:3 |       0 |      67 |   0.0 |       0 |      22 |   0.0 |   542
           D:4 |       0 |     390 |   0.0 |       0 |       6 |   0.0 |  1437
           D:5 |       0 |     339 |   0.0 |       0 |       9 |   0.0 |   542
               +---------+---------+-------+---------+---------+-------+---------
